%YAML 1.1
%TAG !u! tag:unity3d.com,2011:
--- !u!1 &5210232649010953764
GameObject:
  m_ObjectHideFlags: 0
  m_CorrespondingSourceObject: {fileID: 0}
  m_PrefabInstance: {fileID: 0}
  m_PrefabAsset: {fileID: 0}
  serializedVersion: 6
  m_Component:
  - component: {fileID: 5210232649010953765}
  - component: {fileID: 3510222768878275301}
  m_Layer: 0
  m_Name: EffectsManager
  m_TagString: Untagged
  m_Icon: {fileID: 0}
  m_NavMeshLayer: 0
  m_StaticEditorFlags: 0
  m_IsActive: 1
--- !u!4 &5210232649010953765
Transform:
  m_ObjectHideFlags: 0
  m_CorrespondingSourceObject: {fileID: 0}
  m_PrefabInstance: {fileID: 0}
  m_PrefabAsset: {fileID: 0}
  m_GameObject: {fileID: 5210232649010953764}
  m_LocalRotation: {x: 0, y: 0, z: 0, w: 1}
  m_LocalPosition: {x: 35.20501, y: 10.17978, z: 0.86240894}
  m_LocalScale: {x: 1, y: 1, z: 1}
  m_ConstrainProportionsScale: 0
  m_Children:
  - {fileID: 8922807265293488059}
  - {fileID: 8922807265526662876}
  - {fileID: 219498063734962972}
  m_Father: {fileID: 0}
  m_RootOrder: 0
  m_LocalEulerAnglesHint: {x: 0, y: 0, z: 0}
--- !u!114 &3510222768878275301
MonoBehaviour:
  m_ObjectHideFlags: 0
  m_CorrespondingSourceObject: {fileID: 0}
  m_PrefabInstance: {fileID: 0}
  m_PrefabAsset: {fileID: 0}
  m_GameObject: {fileID: 5210232649010953764}
  m_Enabled: 1
  m_EditorHideFlags: 0
  m_Script: {fileID: 11500000, guid: e65545be0a61d2d428c65b053fcd9da4, type: 3}
  m_Name: 
  m_EditorClassIdentifier: 
--- !u!1001 &5210232648561654380
PrefabInstance:
  m_ObjectHideFlags: 0
  serializedVersion: 2
  m_Modification:
    m_TransformParent: {fileID: 5210232649010953765}
    m_Modifications:
    - target: {fileID: 3718384583575944368, guid: 08b0b06f545935940b65ac31b55d725a, type: 3}
      propertyPath: m_RootOrder
      value: 1
      objectReference: {fileID: 0}
    - target: {fileID: 3718384583575944368, guid: 08b0b06f545935940b65ac31b55d725a, type: 3}
      propertyPath: m_LocalPosition.x
      value: -34.573826
      objectReference: {fileID: 0}
    - target: {fileID: 3718384583575944368, guid: 08b0b06f545935940b65ac31b55d725a, type: 3}
      propertyPath: m_LocalPosition.y
      value: -11.635457
      objectReference: {fileID: 0}
    - target: {fileID: 3718384583575944368, guid: 08b0b06f545935940b65ac31b55d725a, type: 3}
      propertyPath: m_LocalPosition.z
      value: -0.93595076
      objectReference: {fileID: 0}
    - target: {fileID: 3718384583575944368, guid: 08b0b06f545935940b65ac31b55d725a, type: 3}
      propertyPath: m_LocalRotation.w
      value: 1
      objectReference: {fileID: 0}
    - target: {fileID: 3718384583575944368, guid: 08b0b06f545935940b65ac31b55d725a, type: 3}
      propertyPath: m_LocalRotation.x
      value: -0
      objectReference: {fileID: 0}
    - target: {fileID: 3718384583575944368, guid: 08b0b06f545935940b65ac31b55d725a, type: 3}
      propertyPath: m_LocalRotation.y
      value: -0
      objectReference: {fileID: 0}
    - target: {fileID: 3718384583575944368, guid: 08b0b06f545935940b65ac31b55d725a, type: 3}
      propertyPath: m_LocalRotation.z
      value: -0
      objectReference: {fileID: 0}
    - target: {fileID: 3718384583575944368, guid: 08b0b06f545935940b65ac31b55d725a, type: 3}
      propertyPath: m_LocalEulerAnglesHint.x
      value: 0
      objectReference: {fileID: 0}
    - target: {fileID: 3718384583575944368, guid: 08b0b06f545935940b65ac31b55d725a, type: 3}
      propertyPath: m_LocalEulerAnglesHint.y
      value: 0
      objectReference: {fileID: 0}
    - target: {fileID: 3718384583575944368, guid: 08b0b06f545935940b65ac31b55d725a, type: 3}
      propertyPath: m_LocalEulerAnglesHint.z
      value: 0
      objectReference: {fileID: 0}
    - target: {fileID: 3718384583575944371, guid: 08b0b06f545935940b65ac31b55d725a, type: 3}
      propertyPath: m_Volume
      value: 1
      objectReference: {fileID: 0}
    - target: {fileID: 3718384583575944381, guid: 08b0b06f545935940b65ac31b55d725a, type: 3}
      propertyPath: m_Name
      value: VFXAudioSource
      objectReference: {fileID: 0}
    m_RemovedComponents: []
  m_SourcePrefab: {fileID: 100100000, guid: 08b0b06f545935940b65ac31b55d725a, type: 3}
--- !u!4 &8922807265526662876 stripped
Transform:
  m_CorrespondingSourceObject: {fileID: 3718384583575944368, guid: 08b0b06f545935940b65ac31b55d725a, type: 3}
  m_PrefabInstance: {fileID: 5210232648561654380}
  m_PrefabAsset: {fileID: 0}
--- !u!1001 &5210232648806626059
PrefabInstance:
  m_ObjectHideFlags: 0
  serializedVersion: 2
  m_Modification:
    m_TransformParent: {fileID: 5210232649010953765}
    m_Modifications:
    - target: {fileID: 3718384583575944368, guid: 08b0b06f545935940b65ac31b55d725a, type: 3}
      propertyPath: m_RootOrder
      value: 0
      objectReference: {fileID: 0}
    - target: {fileID: 3718384583575944368, guid: 08b0b06f545935940b65ac31b55d725a, type: 3}
      propertyPath: m_LocalPosition.x
      value: -34.573826
      objectReference: {fileID: 0}
    - target: {fileID: 3718384583575944368, guid: 08b0b06f545935940b65ac31b55d725a, type: 3}
      propertyPath: m_LocalPosition.y
      value: -11.635457
      objectReference: {fileID: 0}
    - target: {fileID: 3718384583575944368, guid: 08b0b06f545935940b65ac31b55d725a, type: 3}
      propertyPath: m_LocalPosition.z
      value: -0.93595076
      objectReference: {fileID: 0}
    - target: {fileID: 3718384583575944368, guid: 08b0b06f545935940b65ac31b55d725a, type: 3}
      propertyPath: m_LocalRotation.w
      value: 1
      objectReference: {fileID: 0}
    - target: {fileID: 3718384583575944368, guid: 08b0b06f545935940b65ac31b55d725a, type: 3}
      propertyPath: m_LocalRotation.x
      value: -0
      objectReference: {fileID: 0}
    - target: {fileID: 3718384583575944368, guid: 08b0b06f545935940b65ac31b55d725a, type: 3}
      propertyPath: m_LocalRotation.y
      value: -0
      objectReference: {fileID: 0}
    - target: {fileID: 3718384583575944368, guid: 08b0b06f545935940b65ac31b55d725a, type: 3}
      propertyPath: m_LocalRotation.z
      value: -0
      objectReference: {fileID: 0}
    - target: {fileID: 3718384583575944368, guid: 08b0b06f545935940b65ac31b55d725a, type: 3}
      propertyPath: m_LocalEulerAnglesHint.x
      value: 0
      objectReference: {fileID: 0}
    - target: {fileID: 3718384583575944368, guid: 08b0b06f545935940b65ac31b55d725a, type: 3}
      propertyPath: m_LocalEulerAnglesHint.y
      value: 0
      objectReference: {fileID: 0}
    - target: {fileID: 3718384583575944368, guid: 08b0b06f545935940b65ac31b55d725a, type: 3}
      propertyPath: m_LocalEulerAnglesHint.z
      value: 0
      objectReference: {fileID: 0}
    - target: {fileID: 3718384583575944370, guid: 08b0b06f545935940b65ac31b55d725a, type: 3}
      propertyPath: m_Enabled
      value: 0
      objectReference: {fileID: 0}
    - target: {fileID: 3718384583575944381, guid: 08b0b06f545935940b65ac31b55d725a, type: 3}
      propertyPath: m_Name
      value: MusicAudioSource
      objectReference: {fileID: 0}
    m_RemovedComponents: []
  m_SourcePrefab: {fileID: 100100000, guid: 08b0b06f545935940b65ac31b55d725a, type: 3}
--- !u!4 &8922807265293488059 stripped
Transform:
  m_CorrespondingSourceObject: {fileID: 3718384583575944368, guid: 08b0b06f545935940b65ac31b55d725a, type: 3}
  m_PrefabInstance: {fileID: 5210232648806626059}
  m_PrefabAsset: {fileID: 0}
--- !u!1001 &5210232649232712845
PrefabInstance:
  m_ObjectHideFlags: 0
  serializedVersion: 2
  m_Modification:
    m_TransformParent: {fileID: 5210232649010953765}
    m_Modifications:
    - target: {fileID: 5423924593488723857, guid: 8e5ab4ba842167147a780a6b89235180, type: 3}
      propertyPath: m_RootOrder
      value: 2
      objectReference: {fileID: 0}
    - target: {fileID: 5423924593488723857, guid: 8e5ab4ba842167147a780a6b89235180, type: 3}
      propertyPath: m_LocalPosition.x
      value: -35.20501
      objectReference: {fileID: 0}
    - target: {fileID: 5423924593488723857, guid: 8e5ab4ba842167147a780a6b89235180, type: 3}
      propertyPath: m_LocalPosition.y
      value: -10.17978
      objectReference: {fileID: 0}
    - target: {fileID: 5423924593488723857, guid: 8e5ab4ba842167147a780a6b89235180, type: 3}
      propertyPath: m_LocalPosition.z
      value: -0.86240894
      objectReference: {fileID: 0}
    - target: {fileID: 5423924593488723857, guid: 8e5ab4ba842167147a780a6b89235180, type: 3}
      propertyPath: m_LocalRotation.w
      value: 1
      objectReference: {fileID: 0}
    - target: {fileID: 5423924593488723857, guid: 8e5ab4ba842167147a780a6b89235180, type: 3}
      propertyPath: m_LocalRotation.x
      value: -0
      objectReference: {fileID: 0}
    - target: {fileID: 5423924593488723857, guid: 8e5ab4ba842167147a780a6b89235180, type: 3}
      propertyPath: m_LocalRotation.y
      value: -0
      objectReference: {fileID: 0}
    - target: {fileID: 5423924593488723857, guid: 8e5ab4ba842167147a780a6b89235180, type: 3}
      propertyPath: m_LocalRotation.z
      value: -0
      objectReference: {fileID: 0}
    - target: {fileID: 5423924593488723857, guid: 8e5ab4ba842167147a780a6b89235180, type: 3}
      propertyPath: m_LocalEulerAnglesHint.x
      value: 0
      objectReference: {fileID: 0}
    - target: {fileID: 5423924593488723857, guid: 8e5ab4ba842167147a780a6b89235180, type: 3}
      propertyPath: m_LocalEulerAnglesHint.y
      value: 0
      objectReference: {fileID: 0}
    - target: {fileID: 5423924593488723857, guid: 8e5ab4ba842167147a780a6b89235180, type: 3}
      propertyPath: m_LocalEulerAnglesHint.z
      value: 0
      objectReference: {fileID: 0}
    - target: {fileID: 5423924593488723858, guid: 8e5ab4ba842167147a780a6b89235180, type: 3}
      propertyPath: m_Name
      value: CameraShaker
      objectReference: {fileID: 0}
    m_RemovedComponents: []
  m_SourcePrefab: {fileID: 100100000, guid: 8e5ab4ba842167147a780a6b89235180, type: 3}
--- !u!4 &219498063734962972 stripped
Transform:
  m_CorrespondingSourceObject: {fileID: 5423924593488723857, guid: 8e5ab4ba842167147a780a6b89235180, type: 3}
  m_PrefabInstance: {fileID: 5210232649232712845}
  m_PrefabAsset: {fileID: 0}
